 Dungeon Crawl Stone Soup version 0.31-a0-193-gdfe2569204 (webtiles) character file.

Game seed: 13613772671314699549

12 qw the Shooter (level 2, 0/16 HPs)
             Began as a Deep Elf Hunter on June 23, 2023.
             Succumbed to their own poison gas
             ... on level 1 of the Dungeon.
             The game lasted 00:00:08 (827 turns).

qw the Shooter (Deep Elf Hunter)                     Turns: 827, Time: 00:00:09

Health: 0/16       AC:  3    Str:  8    XL:     2   Next: 20%
Magic:  4/4        EV: 12    Int: 13    God:
Gold:   15         SH:  0    Dex: 18    Spells: 1/1 levels left

rFire   . . .        Y - +1 shortbow
rCold   . . .        (shield currently unavailable)
rNeg    . . .        c - +0 leather armour
rPois   .            (no helmet)
rElec   .            (no cloak)
rCorr   .            (no gloves)
SInv    .            (no boots)
Will    .....        (no amulet)
Stlth   ++           (no ring)
HPRegen 0.22/turn    (no ring)
MPRegen 0.09/turn

%: no passive effects
@: lethally poisoned (0 -> -12), attractive
A: no striking features
a: no special abilities


You were on level 1 of the Dungeon.
You visited 1 branch of the dungeon, and saw 1 of its levels.

You collected 15 gold pieces.


   Skills:
 - Level 1.5 Fighting
 + Level 6.1 Ranged Weapons
 - Level 2.4 Dodging
 - Level 1.2 Stealth


You had one spell level left.
You didn't know any spells.
Your spell library was empty.

Inventory:

Hand Weapons
 Y - a +1 shortbow (weapon)
Armour
 c - a +0 leather armour (worn)
Potions
 f - a potion of berserk rage {unknown}
 h - a potion of enlightenment {unknown}
 i - a potion of curing {unknown}

Dungeon Overview and Level Annotations

Branches:
Dungeon (1/15)

Altars:


Message History

Your +0 shortbow glows red for a moment.
Done exploring.
821 ||| READING scroll labelled KOR CUJICVEIN.
The air fills with toxic fumes!
As you read the scroll labelled KOR CUJICVEIN, it crumbles to dust.
It was a scroll of poison.
Done exploring.
822 ||| DRINKING 2 cyan potions.
It was a potion of attraction.
You feel attractive to monsters.
Done exploring.
823 ||| DROPPING scroll of butterflies.
You drop a scroll of butterflies.
Done exploring.
824 ||| DROPPING potion of attraction.
You drop a potion of attraction.
Done exploring.
(D) Dungeon
Where to? (* - list waypoints, ? - help)
What level of the Dungeon? (default 1, ? - help) Sorry, I don't know how to get there.
Enter note:
Enter note:
Enter note:
Enter note:
Enter note:
Enter note:
Enter note:
Enter note:
Enter note:
Enter note:
Enter note:
Enter note: Really walk into that cloud of poison gas?
You are engulfed in poison gas.
You are lethally poisoned!
You feel very sick.
826 ||| Stepping ~*~*~tactically~*~*~ (cloud).
You feel very sick.
Things that are here:
a potion of attraction; a scroll of butterflies
There is a lethal amount of poison in your body!
You die...

########.#.#####.#......#
.........#.# #0##.....#
##########.# #0##.....# #.#
#¤##.....# #.# #¤##.....# #.#
#0###'#### #.# #¤# #.# #.#
#¤###.######## #.#
#@¤¤¤0¤¤¤....#
#.#########¤######.#
#...(.......#...##.#
######################.#.##%#
............................#
######################.####.#
### ###


There were no monsters in sight!

Vanquished Creatures
  An endoplasm (D:1)
  2 goblins (D:1)
  A kobold (D:1)
  A quokka (D:1)
  3 ball pythons (D:1)
  A bat (D:1)
  A frilled lizard (D:1)
  2 rats (D:1)
12 creatures vanquished.

Notes
Turn   | Place    | Note
-------+----------+-------------------------------------------
     0 | D:1      | qw the Deep Elf Hunter began the quest for the Orb.
     0 | D:1      | Reached XP level 1. HP: 12/12 MP: 3/3
     0 | D:1      | 0 ||| qw: Version: 0.3-a-9-g12657ce
     0 | D:1      | 0 ||| qw: Game counter: 4597
     0 | D:1      | 0 ||| qw: Always use a shield: true
     0 | D:1      | 0 ||| qw: God list: Okawaru
     0 | D:1      | 0 ||| qw: Allow faded altars: false
     0 | D:1      | 0 ||| qw: Do Orc after D:15 true
     0 | D:1      | 0 ||| qw: Do second Lair branch before Depths: true
     0 | D:1      | 0 ||| qw: Lair rune preference: random
     0 | D:1      | 0 ||| qw: Plans: Normal
     0 | D:1      | 0 ||| PLANNING D:1-11
   435 | D:1      | Reached XP level 2. HP: 16/16 MP: 4/4
   477 | D:1      | Reached skill level 6 in Ranged Weapons
   820 | D:1      | 820 ||| READING scroll labelled HOIXU UCRYG.
   821 | D:1      | 821 ||| READING scroll labelled KOR CUJICVEIN.
   822 | D:1      | 822 ||| DRINKING 2 cyan potions.
   823 | D:1      | 823 ||| DROPPING scroll of butterflies.
   824 | D:1      | 824 ||| DROPPING potion of attraction.
   826 | D:1      | 826 ||| Stepping ~*~*~tactically~*~*~ (cloud).
   826 | D:1      | HP: 3/16 [poisoned by you (poison gas)]
   827 | D:1      | Succumbed to their own poison gas

Levels and vault maps discovered:
D:1:      mainiacjoe_arrival_reflecting_pool, layout_basic

Skill      XL: |  1  2 |
---------------+-------+-----
Ranged Weapons | 6 |  6.1
Fighting       | |  1.5
Dodging        | |  2.4
Stealth        | |  1.2

Action                     || total
---------------------------++-------
   Fire: Shortbow          ||    20
    Use: Scroll            ||     2
         Potion            ||     1
  Dodge: Dodged            ||     1

Table legend:
 A = Non-vault XP
 B = Vault XP
 C = Vault XP percentage of total XP
 D = Non-vault monster count
 E = Vault monster count
 F = Vault count percentage of total count
                 A         B        C        D         E       F
            +---------+---------+-------+---------+---------+-------
      Total |      18 |       0 |   0.0 |      12 |       0 |   0.0
            +---------+---------+-------+---------+---------+-------
        D:1 |      18 |       0 |   0.0 |      12 |       0 |   0.0
            +---------+---------+-------+---------+---------+-------
